 Seeded DCSS version 0.29-a0-1023-g6ae1a4a2c7 (webtiles) character file.

Game seed: 5070638151313211060 (custom seed)

24770 bwicke the Covert (level 13, -10/82 HPs)
             Began as a Kobold Enchanter on Aug 11, 2022.
             Was an Initiate of Gozag.
             Mangled by Gastronok (34 damage)
             ... on level 2 of the Lair of Beasts.
             The game lasted 01:02:05 (14678 turns).

bwicke the Covert (Kobold Enchanter)               Turns: 14678, Time: 01:02:05

Health: -10/82     AC:  9    Str:  5    XL:     13   Next: 45%
Magic:  13/16      EV: 22    Int: 18    God:    Gozag
Gold:   1464       SH:  0    Dex: 19    Spells: 8/16 levels left

rFire   . . .      SeeInvis .   L - +3 dagger (speed)
rCold   + + +      Faith    .   (no shield)
rNeg    . . .      Spirit   .   b - +1 robe
rPois   +          Reflect  .   m - +2 helmet "Osikhywy" {Rampage Drain rC+++ rCorr}
rElec   .          Harm     .   S - +0 cloak
rCorr   +          Rampage  +   w - +1 pair of gloves
Will    +....                   (no boots)
Stlth   ++++++....              N - amulet of regeneration
HPRegen 1.03/turn               j - ring of poison resistance
MPRegen 0.15/turn               t - ring of willpower

@: no status effects
A: small, no large weapons, nightstalker 3
a: Renounce Religion, Potion Petition, Call Merchant, Bribe Branch


You were on level 2 of the Lair of Beasts.
You worshipped Gozag.
Gozag was most pleased with you.
You visited 3 branches of the dungeon, and saw 13 of its levels.

You collected 1897 gold pieces.
You spent 325 gold pieces at shops.
You paid 108 gold pieces to Gozag.

Inventory:

Hand Weapons
 c - a +2 dagger of venom
 h - a +3 mace
 l - a +2 dagger of draining
 n - a +2 arbalest of freezing
 s - a +1 vorpal hand axe
 G - a +4 long sword of holy wrath
 I - a +1 spectral quarterstaff
 L - a +3 dagger of speed (weapon)
Missiles
 f - 18 poisoned darts (quivered)
 F - 12 curare-tipped darts
Armour
 b - a +1 robe (worn)
 m - the +2 helmet "Osikhywy" (worn) {Rampage Drain rC+++ rCorr}
   (You found it on level 2 of the Dungeon)

   rC:        It renders you almost immune to cold.
   rCorr:     It protects you from acid and corrosion.
   Drain:     It drains your maximum health when unequipped.
   Rampage:   It bestows one free step when moving towards enemies.
 w - a +1 pair of gloves (worn)
 A - a +1 ring mail of positive energy
 B - a +0 robe of cold resistance
 H - +0 swamp dragon scales
 S - a +0 cloak (worn)
Jewellery
 j - a ring of poison resistance (left hand)
 t - a ring of willpower (right hand)
 E - an amulet of the acrobat
 N - an amulet of regeneration (around neck)
Wands
 o - a wand of flame (36)
 J - a wand of polymorph (6)
 O - a wand of mindburst (2)
 P - a wand of acid (4)
Scrolls
 k - 3 scrolls of magic mapping
 u - a scroll of butterflies
 v - a scroll of teleportation
 y - 2 scrolls of summoning
 C - 2 scrolls of fear
 D - a scroll of blinking
 M - a scroll of poison
 Q - a scroll of immolation {unknown}
 T - a scroll of acquirement {unknown}
Potions
 a - 2 potions of ambrosia
 d - 5 potions of lignification
 e - 3 potions of curing
 g - 2 potions of heal wounds
 i - 4 potions of magic
 p - a potion of berserk rage {unknown}
 q - 2 potions of brilliance
 r - 2 potions of mutation {unknown}
 x - 2 potions of haste
 z - a potion of resistance {unknown}
 R - a potion of cancellation {unknown}


   Skills:
 - Level 10.0 Fighting
 - Level 10.0 Short Blades
 - Level 11.0 Dodging
 + Level 12.0 Stealth
 - Level 2.1 Spellcasting
 - Level 9.0 Hexes
 - Level 6.8 Ice Magic
 - Level 11.0 Evocations


You had 8 spell levels left.
You knew the following spells:

 Your Spells              Type           Power      Damage    Failure   Level
a - Ensorcelled Hibernat  Hex/Ice        60%        N/A       1%          2
b - Confusing Touch       Hex            34%        N/A       1%          3
c - Frozen Ramparts       Ice            52%        1d8       3%          3

Your spell library contained the following spells:

 Spells                   Type           Power      Damage    Failure   Level
 Freeze                   Ice            100%       1d11      1%          1
 Tukima's Dance           Hex            34%        N/A       1%          3
 Cause Fear               Hex            17%        N/A       4%          4
 Dazzling Flash           Conj/Hex       36%        N/A       9%          3
 Inner Flame              Hex/Fire       18%        N/A       9%          3
 Summon Guardian Golem    Hex/Summ       18%        N/A       9%          3
 Sandblast                Erth           2%         2d4       19%         1
 Sting                    Tmut/Pois      4%         1d3       19%         1
 Summon Small Mammal      Summ           4%         N/A       19%         1
 Passwall                 Tmut/Erth      0%         N/A       26%         2
 Poisonous Vapours        Pois/Air       2%         N/A       26%         2
 Scorch                   Fire           2%         2d5       26%         2
 Anguish                  Hex/Necr       9%         N/A       28%         4
 Hailstorm                Conj/Ice       14%        3d5       41%         4
 Call Canine Familiar     Summ           1%         N/A       47%         3
 Gell's Gravitas          Tloc           1%         N/A       47%         3
 Lesser Beckoning         Tloc           1%         N/A       47%         3
 Spider Form              Tmut/Pois      1%         N/A       47%         3
 Stone Arrow              Conj/Erth      2%         3d7       47%         3
 Teleport Other           Tloc           1%         N/A       47%         3
 Silence                  Hex/Air        9%         N/A       61%         5
 Animate Armour           Summ/Erth      2%         N/A       87%         4
 Dispel Undead            Necr           1%         3d6       87%         4
 Flame Wave               Conj/Fire      1%         2d4       87%         4
 Olgreb's Toxic Radiance  Pois           1%         N/A       87%         4
 Passage of Golubria      Tloc           1%         N/A       87%         4
 Death Channel            Necr           0%         N/A       100%        6
 Summon Cactus Giant      Summ           0%         N/A       100%        6
 Discord                  Hex            17%        N/A       100%        8
 Lehudib's Crystal Spear  Conj/Erth      0%         10d2      100%        8
 Corpse Rot               Necr/Pois/Air  Unusable   N/A       N/A         4

Dungeon Overview and Level Annotations

Branches:
Dungeon (10/15)            Temple (1/1) D:7            Lair (2/5) D:9
  Snake (0/4) Lair:2
  Swamp: Lair:2-3    Shoals: Lair:2-3       Orc: D:9-12

Altars:
Ashenzari
Cheibriados
Dithmenos
Elyvilon
Fedhas
Gozag
Hepliaklqana
Kikubaaqudgha
Makhleb
Nemelex Xobeh
Okawaru
Qazlal
Ru
Sif Muna
Trog
Uskayaw
Vehumet
Wu Jian
Xom
Yredelemnul
Zin
The Shining One

Shops:
D:9 *[![   D:10 *

Annotations:
D:1 1 transporter
D:9 3 runed translucent doors, clovenhoof's ghost, novice DrVM
D:10 2 transporters
Lair:2 Gastronok


Innate Abilities, Weirdness & Mutations

You are small and have problems with some larger weapons.
You are completely attuned to the shadows.


Message History

The wolf is distracted by your dazzling golden aura.
You now have 1451 gold pieces (gained 12).
You now have 1464 gold pieces (gained 13).
HP restored.
Magic restored.
Gastronok the Ponderous comes into view.
You see here a +0 scale mail.
You rampage towards Gastronok!
Casting: Confusing Touch (safe; 1% risk of failure)
Confirm with . or Enter, or press ? or * to list all spells.
Aiming: Ensorcelled Hibernation (safe; 1% risk of failure)
Press: ? - help, Shift-Dir - straight line, f - Gastronok
Aim: Gastronok, wearing a +2 hat (chance to affect: 13%)
Okay, then.
Unknown command.
You rampage towards Gastronok!
You hit Gastronok but do no damage. Gastronok bites you!!
Casting: Ensorcelled Hibernation (safe; 1% risk of failure)
Confirm with . or Enter, or press ? or * to list all spells.
Your hands begin to glow red.
Unknown command.
You hit Gastronok but do no damage. You hit Gastronok but do no damage.
You hit Gastronok but do no damage.
Gastronok waves his eye-stalks in wide circles.
The air twists around and strikes you!!
* * * LOW HITPOINT WARNING * * *
You hit Gastronok but do no damage. You hit Gastronok but do no damage.
Gastronok appears confused.
You hit Gastronok.
Gastronok is lightly wounded.
You hit Gastronok but do no damage.
Gastronok is lightly wounded.
You hit Gastronok but do no damage.
Gastronok is lightly wounded.
You hit Gastronok but do no damage.
Gastronok is lightly wounded.
Gastronok bites you!!
You die...
Your body crumbles into a pile of gold.

##......######.#### ##.#
.........##.....#.## #.#
......#.#..........# #.#
.#.....#.##.....P..# #.#######
##.#.#..####.....<.###..##.#.#
P..#...## #.[..............##
.####.#P##......(...h##.#.##
##.(......#.#P.##..##.h####
........@.##......h.....#
#.#.P##.w#....P###.#P.P# ..#
#...........## #$##.## #..#
#.P..........###$##.# ..#
###.........§...##.S..# ..#
###............$.$##.h.$# .##
##............§...4.Y.#..#
..#####.##.######..............#
....##.P#..# ###.§..........#


You could see Gastronok (confused).

Vanquished Creatures
  3 hydras
  2 two-headed ogres (D:8)
  Sonja (D:10)
  Amaemon (Lair:2)
  Pikel (D:5)
  The ghost of jujuben the Skirmisher, a novice SpHu of Dithmenos (D:7)
  A manticore (D:9)
  5 black mambas
  9 elephants
  Joseph (D:7)
  Maggie (D:7)
  4 cane toads
  An orange demon (Lair:2)
  5 komodo dragons
  A kobold demonologist (D:10)
  2 rime drakes (Lair:1)
  The ghost of bladeefan the Cudgeller, a novice GrMo (D:5)
  A troll (D:8)
  A vampire (D:10)
  2 wyverns
  9 yaks
  3 hogs (D:8)
  A human (D:8)
  2 vampire mosquitoes (D:10)
  4 steam dragons
  Grum (D:8)
  Menkaure (D:7)
  Duvessa (D:6)
  12 water moccasins
  6 black bears
  2 orc warriors
  3 ice beasts
  3 ogres
  14 wolves
  A centaur (D:10)
  2 lemures (D:5)
  10 bullfrogs
  2 kobold brigands
  Blork the orc (D:6)
  4 necrophages
  6 scorpions (D:5)
  Dowan (D:6)
  3 wights (D:8)
  9 killer bees
  An electric eel (D:8)
  5 hounds
  2 gnoll boudas
  3 orc priests
  4 jellies
  3 iguanas
  6 orc wizards
  8 gnolls
  5 adders
  A shadow imp (D:6)
  3 white imps
  An ufetubus (D:5)
  A worm (D:2)
  A dart slug (D:2)
  32 orcs
  3 bats
  8 endoplasms
  6 giant cockroaches
  A goblin (D:1)
  3 hobgoblins
  A quokka (D:1)
  4 ball pythons
  2 frilled lizards (D:3)
  15 kobolds
  4 rats
268 creatures vanquished.

Vanquished Creatures (collateral kills)
  3 scorpions (D:5)
  2 killer bees (D:7)
  2 butterflies (D:5)
7 creatures vanquished.

Vanquished Creatures (others)
  11 fungi
  20 plants
31 creatures vanquished.

Grand Total: 306 creatures vanquished

Notes
Turn   | Place    | Note
-------+----------+-------------------------------------------
     0 | D:1      | bwicke the Kobold Enchanter began the quest for the Orb.
     0 | D:1      | Reached XP level 1. HP: 10/10 MP: 3/3
   102 | D:1      | Reached skill level 5 in Stealth
   102 | D:1      | Reached XP level 2. HP: 15/15 MP: 5/5
   538 | D:1      | Reached XP level 3. HP: 19/19 MP: 6/6
  1078 | D:2      | Learned a level 2 spell: Ensorcelled Hibernation
  1082 | D:2      | Learned a level 3 spell: Confusing Touch
  1424 | D:2      | Identified the +2 helmet "Osikhywy" {Rampage Drain rC+++
                  | rCorr}
  1924 | D:3      | Reached XP level 4. HP: 24/24 MP: 7/7
  2164 | D:3      | Found a glowing golden altar of the Shining One.
  3127 | D:4      | Reached XP level 5. HP: 28/28 MP: 5/8
  3730 | D:4      | Reached skill level 5 in Hexes
  3797 | D:4      | Found a shimmering blue altar of Sif Muna.
  3872 | D:5      | Entered Level 5 of the Dungeon
  3872 | D:5      | Noticed an ice beast
  3884 | D:5      | Killed an ice beast
  3885 | D:5      | Reached XP level 6. HP: 31/32 MP: 5/9
  4182 | D:5      | Found a runed translucent door.
  4195 | D:5      | Found a runed translucent door.
  4207 | D:5      | Reached XP level 7. HP: 35/36 MP: 10/10
  4220 | D:5      | Reached skill level 5 in Ice Magic
  4236 | D:5      | HP: 2/54 [scorpion (4)]
  4244 | D:5      | Reached XP level 8. HP: 20/41 MP: 11/11
  4424 | D:5      | Learned a level 3 spell: Frozen Ramparts
  4453 | D:5      | Found a white marble altar of Elyvilon.
  4462 | D:5      | Reached skill level 6 in Stealth
  4548 | D:5      | Reached skill level 7 in Stealth
  4550 | D:5      | Found a runed translucent door.
  4754 | D:5      | Noticed bladeefan's ghost (novice GrMo)
  4806 | D:5      | Killed bladeefan's ghost
  4807 | D:5      | Reached skill level 9 in Stealth
  4966 | D:5      | Reached skill level 10 in Stealth
  4990 | D:5      | Reached XP level 9. HP: 29/45 MP: 3/12
  5170 | D:5      | Noticed Pikel
  5173 | D:5      | Killed Pikel
  5686 | D:6      | Noticed Blork the orc
  5688 | D:6      | Killed Blork the orc
  5878 | D:6      | Noticed Duvessa
  5879 | D:6      | Noticed Dowan
  5881 | D:6      | Killed Duvessa
  5882 | D:6      | Reached skill level 10 in Short Blades
  5892 | D:6      | Killed Dowan
  6346 | D:6      | Reached XP level 10. HP: 50/50 MP: 13/13
  6422 | D:6      | Reached skill level 5 in Dodging
  7149 | D:7      | Noticed Maggie
  7160 | D:7      | Killed Maggie
  7212 | D:7      | Found a staircase to the Ecumenical Temple.
  7357 | Temple   | Entered the Ecumenical Temple
  7660 | Temple   | Became a worshipper of Gozag Ym Sagoz the Greedy
  7702 | D:7      | Found a runed translucent gate.
  7702 | D:7      | Found a runed translucent gate.
  7702 | D:7      | Found a runed translucent gate.
  7712 | D:7      | Noticed jujuben's ghost (novice SpHu)
  7722 | D:7      | Killed jujuben's ghost
  8020 | D:7      | Noticed Joseph
  8023 | D:7      | Killed Joseph
  8024 | D:7      | Reached skill level 10 in Dodging
  8453 | D:7      | Noticed Menkaure
  8457 | D:7      | Killed Menkaure
  8763 | D:8      | Noticed a two-headed ogre
  8769 | D:8      | Killed a two-headed ogre
  8770 | D:8      | Reached XP level 11. HP: 54/54 MP: 11/14
  8775 | D:8      | Noticed Grum
  8775 | D:8      | Noticed a two-headed ogre
  8797 | D:8      | Killed a two-headed ogre
  8805 | D:8      | Killed Grum
  8929 | D:8      | Found a broken altar of Ashenzari.
  8932 | D:8      | Found an ornate altar of the Wu Jian Council.
 10078 | D:9      | Reached skill level 1 in Fighting
 10079 | D:9      | Noticed a manticore
 10098 | D:9      | Killed a manticore
 10113 | D:9      | Found a staircase to the Lair.
 10419 | D:9      | Found a sparkling altar of Nemelex Xobeh.
 10653 | D:9      | Noticed a deep elf pyromancer
 10657 | D:9      | Noticed clovenhoof's ghost (novice DrVM)
 10668 | D:9      | Found a runed translucent gate.
 10669 | D:9      | Found a runed translucent gate.
 10670 | D:9      | Found a runed translucent gate.
 10670 | D:9      | Noticed a two-headed ogre
 10913 | D:9      | Reached skill level 5 in Fighting
 11070 | D:9      | Found Jorhu's Antique Armour Emporium.
 11071 | D:9      | Found Buqe's Assorted Antiques.
 11075 | D:9      | Found Wajyplia's Distillery.
 11076 | D:9      | Found Erchesi's Armour Emporium.
 11079 | D:9      | Bought a scroll labelled SASAQA TANN for 36 gold pieces
 11079 | D:9      | Bought a scroll labelled ANISMULUKH for 36 gold pieces
 11119 | D:9      | Bought a potion of degeneration for 13 gold pieces
 11136 | D:9      | Bought a square garnet amulet for 180 gold pieces
 11330 | D:10     | Entered Level 10 of the Dungeon
 11357 | D:10     | Noticed Sonja
 11369 | D:10     | Killed Sonja
 11439 | D:10     | Found a transporter.
 11464 | D:10     | Reached XP level 12. HP: 55/67 MP: 6/15
 11625 | D:10     | Found Ralyluri's General Store.
 11634 | D:10     | Bought a potion of heal wounds for 60 gold pieces
 11868 | D:10     | Found a transporter.
 12466 | Lair:1   | Entered Level 1 of the Lair of Beasts
 13022 | Lair:1   | Reached skill level 10 in Fighting
 13092 | Lair:1   | Reached skill level 1 in Evocations
 13557 | Lair:1   | Noticed a four-headed hydra
 13567 | Lair:1   | Killed a four-headed hydra
 13568 | Lair:1   | Reached skill level 5 in Evocations
 13954 | Lair:2   | Noticed a five-headed hydra
 13963 | Lair:2   | Killed a five-headed hydra
 14109 | Lair:2   | Noticed a seven-headed hydra
 14259 | Lair:2   | Found a staircase to the Snake Pit.
 14260 | Lair:2   | Reached XP level 13. HP: 82/82 MP: 16/16
 14361 | Lair:2   | Noticed Amaemon
 14377 | Lair:2   | Killed Amaemon
 14378 | Lair:2   | Reached skill level 10 in Evocations
 14399 | Lair:2   | Killed a seven-headed hydra
 14562 | Lair:2   | Reached skill level 11 in Stealth
 14584 | Lair:2   | Reached skill level 12 in Stealth
 14666 | Lair:2   | Noticed Gastronok
 14678 | Lair:2   | Mangled by Gastronok

Illustrated notes

Levels and vault maps discovered:
D:1:      spicycebolla_arrival_risky_transporter, layout_basic,
          dreamdust_princess_corridor
D:2:      layout_basic, chequers_decorated_corner
D:3:      layout_basic, lemuel_round_altar
D:4:      layout_basic, mainiacjoe_overflow_concentric_impassable
D:5:      lemuel_insect_pit, layout_cave_pools, mainiacjoe_overflow_chevrons,
          gammafunk_ghost_grave, serial_park_tiny_1, wad_rectangle_vault,
          uniq_pikel
D:6:      lemuel_ice_spiral_2, layout_basic, serial_curves, eino_curves_04,
          eino_curves_01, uniq_duvessa, uniq_blork_the_orc
D:7:      layout_basic, minmay_temple_entry_sparse_star,
          ebering_ghost_rock_garden, uniq_menkaure, uniq_joseph, uniq_maggie
D:8:      layout_basic, nicolae_overflow_squiral, grunt_livestock, uniq_grum
D:9:      layout_basic, mainiacjoe_overflow_paths, lair_entry_dummy,
          gammafunk_ghost_split, hangedman_decor_peaks_small,
          minmay_shop_grid_forest, nicolae_figureground_pulse
D:10:     gammafunk_worm_tunnel, layout_stronghold, serial_shops,
          nicolae_shop_waterfront, uniq_sonja
Temple:   eino_temple_scatter_basement
Lair:1:   layout_chaotic_city, beast_lair_carwin_8, grunt_megastairs_4
Lair:2:   layout_loops_ring, minmay_snake_entry_six_corridors, uniq_amaemon,
          uniq_gastronok

Skill      XL: |  1  2  3  4  5  6  7  8  9 10 11 12 13 |
---------------+----------------------------------------+-----
Stealth        | 5 10 12 | 12.0
Hexes          | 4 5 6 9 |  9.0
Ice Magic      | 2 4 6 |  6.8
Short Blades   | 3 10 | 10.0
Dodging        | 3 11 | 11.0
Fighting       | 6 10 | 10.0
Evocations     | 8 11 | 11.0
Spellcasting   | |  2.1

Action                   |  1- 3 |  4- 6 |  7- 9 | 10-12 | 13-15 || total
-------------------------+-------+-------+-------+-------+-------++-------
Melee: Dagger            |    48 |    62 |   151 |   396 |    87 ||   744
       Punch             |     1 |     1 |     2 |     1 |       ||     5
       Quarterstaff      |       |       |       |    45 |    31 ||    76
       Long sword        |       |       |       |     9 |       ||     9
Throw: Dart              |     2 |       |       |     2 |     3 ||     7
 Cast: Ensorcelled Hiber |     3 |     8 |     8 |    37 |     9 ||    65
       Confusing Touch   |       |     1 |     7 |    21 |     4 ||    33
       Frozen Ramparts   |       |       |     5 |    27 |     2 ||    34
Evoke: Wand              |       |       |     3 |     6 |     4 ||    13
  Use: Scroll            |       |     9 |     4 |    12 |       ||    25
       Potion            |       |     1 |     5 |     1 |     1 ||     8
 Stab: Sleeping          |    17 |    20 |    21 |    63 |     4 ||   125
       Distracted        |       |     1 |       |     6 |     1 ||     8
       Confused          |       |     1 |     6 |    25 |     5 ||    37
       Invisible         |       |     2 |     8 |       |     6 ||    16
Armor: Robe              |     1 |    14 |    18 |    53 |    29 ||   115
       Skin              |       |       |    34 |       |       ||    34
Dodge: Dodged            |    28 |    31 |    73 |   305 |   153 ||   590

Table legend: (Time is in decaauts)
 A = Elapsed time spent in this place.
 B = Non-inter-level travel time spent in this place.
 C = Inter-level travel time spent in this place.
 D = Time resting spent in this place.
 E = Time spent auto-exploring this place.
 F = Levels seen in this place.
 G = Mean time per level.
                   A        B        C        D        E       F      G
               +--------+--------+--------+--------+--------+-----+--------+
         Total |  14359 |  13927 |    432 |     98 |  11045 |  13 | 1104.5 |
       Dungeon |  12110 |  11747 |    363 |     52 |   9636 |  10 | 1211.0 |
        Temple |    320 |    303 |     17 |      0 |    191 |   1 |  320.0 |
          Lair |   1928 |   1877 |     51 |     46 |   1218 |   2 |  964.0 |
               +--------+--------+--------+--------+--------+-----+--------+

Top non-repeatable levels by time:
     D:8: 1469 daAuts
     D:6: 1462 daAuts
     D:5: 1456 daAuts
     D:9: 1372 daAuts
     D:7: 1371 daAuts
  Lair:1: 1287 daAuts
     D:3: 1275 daAuts
    D:10: 1113 daAuts
     D:4: 902 daAuts
     D:2: 864 daAuts
     D:1: 823 daAuts
  Lair:2: 640 daAuts
  Temple: 320 daAuts
